Unix NetHack Version 3.7.0-51 Work-in-progress - last build Mar 7 2022 13:06:07 (ce1e6a145e5d3e7dd6f4b57ba37794bc207988de,branch:master). Game began 2022-03-11 20:37:58, ended 2022-03-11 20:47:05. elenmirie, neutral female gnomish Archeologist ----- |...| ---------- |..(.# |........| ------- |<..|# #.........| ###......| |...|# #--|------- ### |.....| -----# # ##### ####################......| # ### ## 0######## ###### |.....| # ## # ###### ###-------- #......| # ## # ##############.......| #------- # # ## #----- ## |......| ## ### # --|----------- ###|.... |...>..| # #------# |............|######## |...| |......| ## #|....|# |......@r....-# ###-...| |.......## #|....|# |............| ####### |...| |......| #-.....# |(...........-## |...| -------- ------ -------------- ----- Elenmirie the Field Worker St:10 Dx:9 Co:9 In:17 Wi:18 Ch:12 Neutral Dlvl:2 $:5 HP:0(30) Pw:11(11) AC:6 Xp:3/41 T:1377 Burdened Latest messages: You rebalance your load. Movement is still difficult. You finish eating the food ration. Where do you want to travel to? (For instructions type a '?') The gecko bites! You miss the gecko. The gecko just misses! You lash the gecko. You lash the gecko. You miss the gecko. The gecko bites! You kill the gecko! Welcome to experience level 3. Where do you want to travel to? (For instructions type a '?') The giant rat misses! You miss the giant rat. The giant rat bites! You lash the giant rat. The giant rat bites! You miss the giant rat. The giant rat bites! The giant rat just misses! You miss the giant rat. The giant rat bites! You miss the giant rat. The giant rat bites! The giant rat bites! You lash the giant rat. The giant rat bites! You don't have enough stamina to move. The giant rat misses! What do you want to drop? [$acdfgksu-w or ?*] f You drop an uncursed tinning kit (0:59). The giant rat misses! You don't have enough stamina to move. The giant rat bites! What do you want to drop? [$acdgksu-w or ?*] v You drop a splint mail. Your movements are only slowed slightly by your load. The giant rat bites! You miss the giant rat. The giant rat bites! The giant rat bites! You die... Do you want your possessions identified? [ynq] (y) y Do you want to see your attributes? [ynq] (y) y Do you want an account of creatures vanquished? [ynaq] (y) y Do you want to see your conduct and achievements? [ynq] (y) y Do you want to see the dungeon overview? [ynq] (y) y Major events: Turn 1: elenmirie the neutral female gnomish Archeologist entered the dungeon 1342: attained the rank of Field Worker (level 3) 1377: killed by a giant rat Inventory: Coins $ - 5 gold pieces Weapons k - an uncursed +1 orcish dagger a - an uncursed +2 bullwhip (weapon in hand) Armor c - an uncursed +0 fedora (being worn) u - an uncursed +0 pair of low boots (being worn) s - an uncursed +0 studded leather armor (being worn) Comestibles d - 3 uncursed food rations Tools w - an uncursed sack containing 7 items Gems/Stones g - an uncursed touchstone Contents of the sack: an uncursed scroll of charging an uncursed scroll of light an uncursed spellbook of magic missile an uncursed potion of hallucination an uncursed potion of see invisible a potion of holy water an uncursed +0 pick-axe Elenmirie the Archeologist's attributes: Background: You were a Field Worker, a level 3 female gnomish Archeologist. You were neutral, nominally on a mission for Camaxtli who was opposed by Quetzalcoatl (lawful) and Huhetotl (chaotic). You were in the Dungeons of Doom, on level 2. You entered the dungeon 1377 turns ago. You had 41 experience points, 39 more were needed to attain level 4. Basics: You had 0 out of 30 hit points. You had all 11 energy points (spell power). Your armor class was 6. Your wallet contained 5 zorkmids. Autopickup was on for '$' plus thrown. Final Characteristics: Your strength was 10 (limit:18/50). Your dexterity was 9 (limit:18). Your constitution was 9 (limit:18). Your intelligence was 17 (limit:19). Your wisdom was 18 (limit:18). Your charisma was 12 (limit:18). Final Status: You were not hungry. You were burdened; movement was slightly slowed. You were wielding a whip. You had basic skill with whip. Final Attributes: You were devoutly aligned. You had infravision. You were stealthy. You were warded. You were fast. You are dead. Miscellaneous: You never encountered a bones level. Total elapsed playing time was 9 minutes and 3 seconds. Vanquished creatures: 2 geckos 3 jackals a kobold a goblin a grid bug 4 lichens 2 kobold zombies 3 newts 17 creatures vanquished. No species were genocided or became extinct. Voluntary challenges: You were an atheist. You read items or engraved 2 times. You never engraved Elbereth. You never genocided any monsters. You never polymorphed an object. You never changed form. You used no wishes. Achievements: You entered a shop. You attained the rank of Field Worker. The Dungeons of Doom: levels 1 to 3 Level 1: Level 2: <- You were here. Final resting place for you, killed by a giant rat. Level 3: An armor shop. Game over: ---------- / \ / REST \ / IN \ / PEACE \ / \ | elenmirie | | 5 Au | | killed by a | | giant rat | | | | | | 2022 | *| * * * | * _________)/\\_//(\/(/\)/\//\/|_)_______ Goodbye elenmirie the Archeologist... You died in The Dungeons of Doom on dungeon level 2 with 269 points, and 5 pieces of gold, after 1377 moves. You were level 3 with a maximum of 30 hit points when you died.